 Dungeon Crawl Stone Soup version 0.28-a0-793-g31680bbd8b (webtiles) character file.

Game seed: 5196181254621461723

14990 jasper the Arsonist (level 11, 0/75 HPs)
             Began as a Demonspawn Cinder Acolyte on Nov 5, 2021.
             Was an Initiate of Ignis.
             Slain by a cane toad (5 damage)
             ... on level 3 of the Lair of Beasts.
             The game lasted 00:22:29 (18209 turns).

jasper the Arsonist (Demonspawn Cinder Acolyte)    Turns: 18209, Time: 00:22:30

Health: 0/75       AC: 21    Str: 21    XL:     11   Next: 96%
Magic:  15/23      EV: 11    Int: 18    God:    Ignis [......]
Gold:   550        SH:  0    Dex:  9    Spells: 15/27 levels left

rFire   + . .      SeeInvis .   v - +2 spear (flame)
rCold   . . .      Faith    .   (no shield)
rNeg    . . .      Spirit   .   J - +0 steam dragon scales
rPois   .          Reflect  .   n - +0 helmet
rElec   .          Harm     .   (no cloak)
rCorr   .          Rampage  .   f - +1 pair of gloves
Will    .....                   (no boots)
Stlth   +.........              D - amulet of regeneration
HPRegen 1.22/turn               g - +6 ring of strength
MPRegen 0.18/turn               K - +4 ring of protection

@: lethally poisoned (0 -> -11), sanguine armoured
A: hooves 2, demonic guardian 2, powered by death 1, sanguine armour 2
a: Renounce Religion


You were on level 3 of the Lair of Beasts.
You worshipped Ignis.
Ignis was noncommittal.
You visited 2 branches of the dungeon, and saw 14 of its levels.

You collected 850 gold pieces.
You spent 300 gold pieces at shops.

Inventory:

Hand Weapons
 a - a +0 spear of freezing
 v - a +2 spear of flaming (weapon)
 x - the +1 hand axe "Qet Bufe" {venom, *Slow Will+ Dex+4}
   (You found it on level 7 of the Dungeon)

   It poisons the flesh of those it strikes.
   Dex:       It affects your dexterity (+4).
   *Slow:     It may slow you when you take damage.
   Will:      It increases your willpower.
 E - a +0 spear
 G - the +2 whip "Jellybane" {antimagic, rPois rCorr Int+6 Stlth-}
   (You found it on level 2 of the Lair of Beasts)

   It reduces the magical energy of the wielder, and disrupts the spells and
   magical abilities of those it strikes.
   Natural abilities and divine invocations are not affected.
   Int:       It affects your intelligence (+6).
   rPois:     It protects you from poison.
   rCorr:     It protects you from acid and corrosion.
   Stlth:     It makes you less stealthy.
Missiles
 c - 161 stones
 e - 21 poisoned darts
 w - 3 throwing nets
Armour
 b - a +0 robe
 f - a +1 pair of gloves (worn)
 i - a +0 buckler
 n - a +0 helmet (worn)
 J - +0 steam dragon scales (worn)
Magical Staves
 s - a staff of death
Jewellery
 g - a +6 ring of strength (left hand)
 h - an amulet of guardian spirit
 D - an amulet of regeneration (around neck)
 K - a +4 ring of protection (right hand)
 L - a ring of protection from fire
Wands
 j - a wand of iceblast (26)
 m - a wand of flame (22)
 C - a wand of polymorph (5)
 H - a wand of digging (7)
Scrolls
 l - 5 scrolls of amnesia
 q - a scroll of magic mapping
 t - 2 scrolls of fog
 u - 2 scrolls of enchant armour
 y - a scroll of identify
 z - a scroll of enchant weapon
 A - a scroll of fear
 F - a scroll of immolation
 I - a scroll of teleportation
Potions
 d - 2 potions of haste
 k - 4 potions of attraction
 o - 4 potions of curing
 p - a potion of mutation
 r - 2 potions of flight
Miscellaneous
 B - a phantom mirror


   Skills:
 - Level 3.0 Fighting
 - Level 2.6 Polearms
 + Level 8.8 Spellcasting
 - Level 5.2 Conjurations
 * Level 8.7 Transmutations
 - Level 9.0 Fire Magic
 * Level 8.7 Earth Magic


You had 15 spell levels left.
You knew the following spells:

 Your Spells              Type           Power      Damage    Failure   Level
a - Scorch                Fire           80%        2d9       1%          2
b - Sticky Flame          Conj/Fire      33%        2d5       4%          4
c - Statue Form           Tmut/Erth      26%        N/A       36%         6

Your spell library contained the following spells:

 Spells                   Type           Power      Damage    Failure   Level
 Conjure Flame            Conj/Fire      33%        6-21      1%          3
 Ignite Poison            Fire/Tmut/Pois 29%        N/A       2%          3
 Petrify                  Tmut/Erth      39%        N/A       2%          4
 Blade Hands              Tmut           19%        N/A       7%          5
 Ice Form                 Ice/Tmut       23%        N/A       14%         4
 Frozen Ramparts          Ice            14%        1d3       26%         3
 Portal Projectile        Hex/Tloc       14%        N/A       26%         3
 Summon Ice Beast         Ice/Summ       7%         N/A       65%         4
 Excruciating Wounds      Necr           3%         N/A       94%         5
 Metabolic Englaciation   Hex/Ice        3%         N/A       94%         5
 Summon Forest            Summ/Tloc      3%         N/A       94%         5
 Summon Mana Viper        Hex/Summ       7%         N/A       94%         5
 Summon Cactus Giant      Summ           3%         N/A       100%        6


Dungeon Overview and Level Annotations

Branches:
Dungeon (11/15)            Temple (0/1) D:6            Lair (3/6) D:9
  Swamp: Lair:2-4    Shoals: Lair:2-4     Snake: Lair:2-4    Spider: Lair:2-4
    Orc: D:9-12

Altars:
Dithmenos

Shops:
D:1 =   D:9 *   D:11 :

Annotations:
D:5 1 runed translucent door, Crazy Yiuf
D:7 2 runed translucent doors, exclusion: orange crystal statue
D:11 Erolcha, Harold


Innate Abilities, Weirdness & Mutations

You have hoof-like feet.
A demonic guardian rushes to your aid.
You regenerate a little health from kills.
When seriously injured, your bleeding wounds create thick armour. (AC +9)


Message History

The foxfire hits the cane toad.
The cane toad is severely wounded.
You feel sick. The cane toad stings you.
You take 5 damage, and have 32/75 hp.
You feel sick. The cane toad stings you. The cane toad stings you!
* * * LOW HITPOINT WARNING * * *
A demonic guardian appears!
The cane toad stings you!
* * * LOW HITPOINT WARNING * * *
You take 24 damage, and have 8/75 hp.
MASSIVE DAMAGE!!
You feel better. The cane toad barely misses you.
The cane toad closely misses you.
The cane toad stings you but does no damage.
The cane toad closely misses you.
Your orange demon misses the cane toad.
Your orange demon hits the cane toad.
The cane toad looks weaker.
You regained 9 hp, and now have 17/75 hp.
Casting: Sticky Flame (dangerous; 4% risk of failure)
Confirm with . or Enter, or press ? or * to list all spells.
Aiming: Sticky Flame (dangerous; 4% risk of failure)
Press: ? - help, Shift-Dir - straight line, f - cane toad
Aim: a cane toad (heavily wounded, 100% to hit)
The sticky flame hits the cane toad.
The cane toad is severely wounded.
The cane toad is covered in liquid flames!
The cane toad burns!
The cane toad barely misses you.
The cane toad stings you but does no damage.
The cane toad stings you!
* * * LOW HITPOINT WARNING * * *
You are lethally poisoned!
The cane toad poisons you!
The cane toad stings you but does no damage.
The cane toad barely misses you.
Your orange demon stings the cane toad!
Your orange demon hits the cane toad.
You take 13 damage, and have 4/75 hp.
You now have 15/23 mp.
You feel better.
The cane toad burns!
The cane toad stings you but does no damage.
The cane toad barely misses you. The cane toad stings you.
* * * LOW HITPOINT WARNING * * *
You are lethally poisoned!
The cane toad poisons you! The cane toad stings you.
You die...

...... #.....##
......# #
......## #.
##..#.#
##..#.....####
#..........#.#
..#.......F####
#......4F@..#
##......FF.##
#.........#
#........##
.###........##
.............#
...........###
...........P#
#P........PP#


You could see 4 cane toads and a friendly orange demon (summoned).

Vanquished Creatures
  2 hydras (Lair:2)
  A two-headed ogre (D:10)
  A black mamba (Lair:2)
  A torpor snail (Lair:2)
  2 cane toads
  Joseph (D:9)
  7 rime drakes (Lair:2)
  3 komodo dragons
  A hornet (D:10)
  A vampire (D:10)
  12 yaks
  A wraith (D:11)
  2 wyverns
  Eustachio (D:6)
  A basilisk (Lair:2)
  7 steam dragons
  3 wargs (D:9)
  An acid dragon (Lair:2)
  An orc warrior (D:9)
  6 water moccasins
  An ice beast (D:7)
  2 black bears
  An ogre (D:5)
  2 sky beasts
  3 wolves (Lair:2)
  A centaur (D:5)
  2 bullfrogs
  2 gnoll sergeants
  3 scorpions
  A wyvern skeleton (D:6)
  A water moccasin skeleton (D:4)
  9 killer bees
  4 wights (D:10)
  2 howler monkeys
  3 centaur zombies
  A centaur skeleton (D:7)
  2 hounds
  4 orc priests
  3 gnoll shamans
  4 iguanas
  4 orc wizards
  30 gnolls
  7 adders
  A white imp (D:6)
  An ufetubus (D:5)
  An adder skeleton (D:2)
  6 dart slugs
  21 orcs
  9 ball pythons
  4 bats
  9 endoplasms
  4 giant cockroaches
  15 goblins
  16 hobgoblins
  4 jackals (D:3)
  5 quokkas
  3 kobolds
  3 rats
249 creatures vanquished.

Vanquished Creatures (collateral kills)
  A komodo dragon (D:10)
  2 rime drakes (Lair:2)
  2 yaks
  A steam dragon (Lair:2)
  A killer bee (D:9)
  A wight (D:10)
  An orc (D:9)
9 creatures vanquished.

Vanquished Creatures (others)
  An acid dragon (D:11)
  169 foxfires
  12 fungi
  21 plants
  3 toadstools (D:7)
  5 withered plants (D:3)
211 creatures vanquished.

Grand Total: 469 creatures vanquished

Notes
Turn   | Place    | Note
-------+----------+-------------------------------------------
     0 | D:1      | jasper the Demonspawn Cinder Acolyte began the quest for
                  | the Orb.
     0 | D:1      | Reached XP level 1. HP: 18/18 MP: 2/2
   486 | D:1      | Reached skill level 3 in Fire Magic
   489 | D:1      | Gained mutation: When seriously injured, your bleeding
                  | wounds create armour. (AC +9) [demonic ancestry]
   489 | D:1      | Reached XP level 2. HP: 17/24 MP: 3/3
   511 | D:1      | Learned a level 2 spell: Scorch
   788 | D:1      | Found Aseor's Jewellery Emporium.
  1192 | D:1      | Reached XP level 3. HP: 29/29 MP: 2/5
  2921 | D:2      | Reached skill level 4 in Fire Magic
  2924 | D:2      | Gained mutation: When seriously injured, your bleeding
                  | wounds create thick armour. (AC +9) [demonic ancestry]
  2924 | D:2      | Reached XP level 4. HP: 22/35 MP: 1/7
  4396 | D:3      | Found a faded altar of an unknown god.
  4444 | D:3      | Gained mutation: You regenerate a little health from kills.
                  | [demonic ancestry]
  4444 | D:3      | Reached XP level 5. HP: 10/41 MP: 1/8
  5257 | D:4      | Reached skill level 5 in Fire Magic
  5375 | D:4      | Gained mutation: A weak demonic guardian rushes to your
                  | aid. [demonic ancestry]
  5375 | D:4      | Reached XP level 6. HP: 35/47 MP: 1/10
  5678 | D:4      | Learned a level 4 spell: Sticky Flame
  6173 | D:5      | Entered Level 5 of the Dungeon
  6300 | D:5      | Reached skill level 1 in Conjurations
  6314 | D:5      | Reached skill level 6 in Fire Magic
  6320 | D:5      | Reached XP level 7. HP: 37/52 MP: 2/12
  7048 | D:5      | Found a runed translucent door.
  7397 | D:5      | Noticed Crazy Yiuf
  7452 | D:6      | Noticed Eustachio
  7458 | D:6      | Killed Eustachio
  7662 | D:6      | Reached skill level 7 in Fire Magic
  7791 | D:6      | Reached XP level 8. HP: 34/58 MP: 0/14
  8291 | D:6      | Reached skill level 5 in Spellcasting
  8597 | D:6      | Found a staircase to the Ecumenical Temple.
  8878 | D:7      | Found a shadowy altar of Dithmenos.
  8996 | D:7      | Reached skill level 8 in Fire Magic
  9706 | D:7      | Gained mutation: A demonic guardian rushes to your aid.
                  | [demonic ancestry]
  9706 | D:7      | Reached XP level 9. HP: 63/63 MP: 8/17
  9801 | D:7      | Found a runed translucent door.
  9810 | D:7      | Found the +10 tower shield of Ignorance {rN+ Int-4}
 10095 | D:7      | Found a runed translucent door.
 10102 | D:7      | Noticed an orange crystal statue
 10149 | D:7      | Identified the +1 hand axe "Qet Bufe" {venom, *Slow Will+
                  | Dex+4}
 10293 | D:8      | You fall into a shaft and drop 2 floors!
 10293 | D:10     | Entered Level 10 of the Dungeon
 10293 | D:10     | Noticed a two-headed ogre
 10297 | D:10     | Killed a two-headed ogre
 10298 | D:10     | Reached skill level 5 in Conjurations
 10298 | D:10     | Reached skill level 9 in Fire Magic
 10306 | D:10     | Learned a level 6 spell: Statue Form
 10319 | D:10     | Reached skill level 1 in Transmutations
 10319 | D:10     | Reached skill level 1 in Earth Magic
 10576 | D:9      | Noticed Joseph
 10582 | D:9      | Killed Joseph
 10882 | D:9      | Found a staircase to the Lair.
 10979 | D:9      | Gained mutation: You have large cloven feet. [demonic
                  | ancestry]
 10979 | D:9      | Reached XP level 10. HP: 70/70 MP: 5/20
 12487 | D:9      | Found Pekesot's Neck Hole.
 12494 | D:9      | Bought an amulet of regeneration for 300 gold pieces
 12779 | D:9      | Reached skill level 5 in Transmutations
 12917 | D:10     | Reached skill level 5 in Earth Magic
 13528 | D:10     | Paralysed by a hornet for 2 turns
 13810 | D:11     | Noticed Erolcha
 14232 | D:11     | Found Dasiebem's Book Shop.
 14409 | D:11     | Noticed Harold
 14516 | Lair:1   | Entered Level 1 of the Lair of Beasts
 14559 | Lair:1   | Noticed a cane toad
 14565 | Lair:1   | Killed a cane toad
 15409 | Lair:2   | Noticed a torpor snail
 15544 | Lair:2   | Gained mutation: You have hoof-like feet. [demonic
                  | ancestry]
 15544 | Lair:2   | Reached XP level 11. HP: 47/75 MP: 9/22
 16260 | Lair:2   | Noticed a seven-headed hydra
 16582 | Lair:2   | Killed a seven-headed hydra
 16756 | Lair:2   | Identified the +2 whip "Jellybane" {antimagic, rPois rCorr
                  | Int+6 Stlth-}
 16891 | Lair:2   | Noticed a six-headed hydra
 16910 | Lair:2   | Killed a six-headed hydra
 18069 | Lair:2   | Identified the +0 pair of boots "Xucot" {Harm rPois rC-
                  | rCorr}
 18209 | Lair:3   | Slain by a cane toad

Illustrated notes

Levels and vault maps discovered:
D:1:      dpeg_arrival_houses_and_road, layout_basic, serial_shops, shop,
          glass_columns_b, nrook_mini_vaults, serial_bayou_lake_a
D:2:      cheibrodos_greedy_goblins, layout_loops_ring
D:3:      layout_basic, ebering_ecumenical_altar_petrified
D:4:      layout_rooms
D:5:      layout_loops_ring, uniq_crazy_yiuf_cottage
D:6:      layout_cave_pools, minmay_temple_entry_overgrown, uniq_eustachio
D:7:      layout_loops_cross, amcnicky_altar_gilded, grunt_decor_junction,
          minmay_gold_behind_fungi, grunt_decor_fettered,
          chequers_guarded_unrand_ignorance
D:8:      layout_basic
D:9:      layout_irregular_city, erik_lair_orcish_takeover,
          minmay_misc_feat_tiny, nicolae_shop_sticking_my_neck_out, uniq_joseph
D:10:     layout_roguey, chequers_serial_rivers_micro_b
D:11:     layout_loops_ring, serial_shops, shop, minmay_shattered_shrine,
          uniq_erolcha, uniq_harold
Lair:1:   layout_regular_city, chequers_serial_rivers_marsh, serial_bayou_pond_a
Lair:2:   layout_regular_city, bobbens_dragon_lair_wall
Lair:3:   layout_cave_pods, dummy_spider_entry, beast_lair_carwin_1,
          infiniplex_staircase_pool, serial_bayou_shore_a

Skill      XL: |  1  2  3  4  5  6  7  8  9 10 11 |
---------------+----------------------------------+-----
Fire Magic     | 3 4 5 6 7 8 9 |  9.0
Spellcasting   | 2 3 4 5 6 7 8 |  8.8
Conjurations   | 1 3 4 5 |  5.2
Transmutations | 3 6 8 |  8.7
Earth Magic    | 3 6 8 |  8.7
Fighting       | |  3.0
Polearms       | |  2.6

Action                   |  1- 3 |  4- 6 |  7- 9 | 10-12 || total
-------------------------+-------+-------+-------+-------++-------
Melee: Spear             |    49 |    46 |    75 |    90 ||   260
       Kick              |       |       |       |    20 ||    20
 Cast: Scorch            |    39 |    77 |   102 |   148 ||   366
       Sticky Flame      |       |       |    14 |    62 ||    76
Invok: Foxfire Swarm     |     1 |     3 |     2 |     5 ||    11
Evoke: Wand              |       |       |     2 |     2 ||     4
  Use: Scroll            |     4 |     8 |     9 |     1 ||    22
       Potion            |       |       |     2 |     5 ||     7
Armor: Robe              |     5 |    16 |    46 |    53 ||   120
       Steam dragon scal |       |       |       |    14 ||    14
Dodge: Dodged            |    10 |    26 |    74 |   109 ||   219

Table legend: (Time is in decaauts)
 A = Elapsed time spent in this place.
 B = Non-inter-level travel time spent in this place.
 C = Inter-level travel time spent in this place.
 D = Time resting spent in this place.
 E = Time spent auto-exploring this place.
 F = Levels seen in this place.
 G = Mean time per level.
                   A        B        C        D        E       F      G
               +--------+--------+--------+--------+--------+-----+--------+
         Total |  18280 |  17706 |    574 |   4077 |  11515 |  14 | 1305.7 |
       Dungeon |  14570 |  14112 |    458 |   2673 |   9790 |  11 | 1324.5 |
          Lair |   3709 |   3593 |    116 |   1404 |   1724 |   3 | 1236.3 |
               +--------+--------+--------+--------+--------+-----+--------+

Top non-repeatable levels by time:
  Lair:2: 2321 daAuts
     D:1: 2031 daAuts
     D:3: 1713 daAuts
     D:2: 1605 daAuts
    D:10: 1588 daAuts
     D:9: 1570 daAuts
     D:7: 1506 daAuts
     D:5: 1481 daAuts
  Lair:1: 1356 daAuts
     D:6: 1026 daAuts
     D:8: 978 daAuts
     D:4: 855 daAuts
    D:11: 213 daAuts
  Lair:3: 31 daAuts
